 Dungeon Crawl Stone Soup version 0.28-a0-664-gc179e30c89 (webtiles) character file.

Game seed: 15932303238849276176

2 demibob the Chiller (level 1, 0/13 HPs)
             Began as a Gnoll Wanderer on Oct 16, 2021.
             Slain by a bat (1 damage)
             ... on level 1 of the Dungeon.
             The game lasted 00:00:25 (364 turns).

demibob the Chiller (Gnoll Wanderer)                 Turns: 364, Time: 00:00:25

Health: 0/13       AC:  2    Str: 11    XL:     1   Next: 40%
Magic:  6/6        EV: 11    Int: 12    God:
Gold:   0          SH:  0    Dex: 10    Spells: 9/9 levels left

rFire   . . .      SeeInvis .   a - +0 club
rCold   . . .      Faith    .   (no shield)
rNeg    . . .      Spirit   .   b - +0 robe
rPois   .          Reflect  .   (no helmet)
rElec   .          Harm     .   (no cloak)
rCorr   .          Rampage  .   (no gloves)
Will    .....                   (no boots)
Stlth   +.........              (no amulet)
HPRegen 0.04/turn               (no ring)
MPRegen 0.10/turn               (no ring)

@: no status effects
A: fangs 1, strong nose, distributed training
a: no special abilities


You were on level 1 of the Dungeon.
You visited 1 branch of the dungeon, and saw 1 of its levels.


Innate Abilities, Weirdness & Mutations

You have very sharp teeth.
Your uncanny sense of smell can sniff out nearby items.
Your experience applies equally to all skills.


   Skills:
 + Level 0.0 Fighting
 + Level 0.0 Short Blades
 + Level 0.0 Long Blades
 + Level 0.0 Axes
 + Level 0.0 Maces & Flails
 + Level 0.0 Polearms
 + Level 0.0 Staves
 + Level 0.0 Slings
 + Level 0.0 Bows
 + Level 0.0 Crossbows
 + Level 0.0 Throwing
 + Level 0.0 Armour
 + Level 0.0 Dodging
 + Level 0.0 Stealth
 + Level 0.0 Shields
 + Level 0.0 Unarmed Combat
 + Level 4.8 Spellcasting
 + Level 0.0 Conjurations
 + Level 0.0 Hexes
 + Level 0.0 Summonings
 + Level 0.0 Necromancy
 + Level 0.0 Translocations
 + Level 0.0 Transmutations
 + Level 3.6 Fire Magic
 + Level 5.3 Ice Magic
 + Level 1.9 Air Magic
 + Level 0.0 Earth Magic
 + Level 0.0 Poison Magic
 + Level 0.1 Invocations
 + Level 4.4 Evocations


You had 9 spell levels left.
You didn't know any spells.
Your spell library contained the following spells:

 Spells                   Type           Power      Damage    Failure   Level
 Scorch                   Fire           22%        2d6       7%          2
 Foxfire                  Conj/Fire      28%        2x1d5     10%         1
 Summon Small Mammal      Summ           12%        N/A       21%         1
 Conjure Flame            Conj/Fire      7%         6-21      28%         3
 Inner Flame              Hex/Fire       7%         N/A       28%         3
 Summon Guardian Golem    Hex/Summ       3%         N/A       52%         3
 Flame Wave               Conj/Fire      7%         3d4       67%         4

Inventory:

Hand Weapons
 a - a +0 club (weapon)
Armour
 b - a +0 robe (worn)
Potions
 c - a potion of curing {@q1}
 d - a potion of magic {unknown}

Dungeon Overview and Level Annotations

Branches:
Dungeon (1/15)

Altars:

....≈≈≈.......#.#
..≈≈≈≈≈≈≈.....'.#
∆.≈≈≈≈≈≈≈≈≈....#.#
###############.# #.#
#.########
####.........
######............
######b@....###########
..###...S..######
.........### ...#..#.##
.... #..###
....###....#######
..................
#######......#####
#..#......


You could see a bat and a ball python.


Message History

You hit the ball python.
The ball python is heavily wounded.
The bat hits you but does no damage.
The ball python bites you but does no damage.
The ball python constricts you. The ball python bites you.
The ball python constricts you. The bat barely misses you.
You barely miss the ball python.
The ball python is heavily wounded.
The bat barely misses you. The ball python bites you.
* * * LOW HITPOINT WARNING * * *
The ball python constricts you. The ball python closely misses you.
The ball python constricts you.
* * * LOW HITPOINT WARNING * * *
You hit the ball python but do no damage.
The ball python is heavily wounded.
The bat hits you but does no damage. The bat barely misses you.
The bat hits you but does no damage. The bat closely misses you.
The ball python bites you but does no damage.
The ball python constricts you.
Unknown command.
You escape the ball python's grasp.
The bat closely misses you. The bat barely misses you.
The bat barely misses you. The bat hits you but does no damage.
The bat hits you.
* * * LOW HITPOINT WARNING * * *
The bat hits you.
* * * LOW HITPOINT WARNING * * *
The bat hits you.
You die...

Action                   || total
-------------------------++-------
Melee: Club              ||    27
 Stab: Distracted        ||     1
Armor: Robe              ||    12
Dodge: Dodged            ||    27

Levels and vault maps discovered:
D:1:      nzn_arrival_depleted_hourglass, layout_rooms,
          hellmonk_ecumenical_altar_lost_god, minmay_tetromino_t2

Notes
Turn   | Place    | Note
-------+----------+-------------------------------------------
     0 | D:1      | demibob the Gnoll Wanderer began the quest for the Orb.
     0 | D:1      | demibob set off with the following items: a +0 club, a +0
                  | robe, a potion of curing {@q1}; and the following spells
                  | available to memorise: Scorch, Foxfire, Summon Small
                  | Mammal, Conjure Flame, Inner Flame, Summon Guardian Golem,
                  | Flame Wave
     0 | D:1      | Reached XP level 1. HP: 13/13 MP: 6/6
    38 | D:1      | HP: 1/13 [hobgoblin (4)]
   363 | D:1      | HP: 1/13 [bat (1)]
   364 | D:1      | Slain by a bat

Vanquished Creatures
  A giant cockroach (D:1)
  A hobgoblin (D:1)
2 creatures vanquished.

Table legend: (Time is in decaauts)
 A = Elapsed time spent in this place.
 B = Non-inter-level travel time spent in this place.
 C = Inter-level travel time spent in this place.
 D = Time resting spent in this place.
 E = Time spent auto-exploring this place.
 F = Levels seen in this place.
 G = Mean time per level.
                   A        B        C        D        E       F      G
               +--------+--------+--------+--------+--------+-----+--------+
         Total |    372 |    372 |      0 |    281 |     41 |   1 |  372.0 |
       Dungeon |    372 |    372 |      0 |    281 |     41 |   1 |  372.0 |
               +--------+--------+--------+--------+--------+-----+--------+

Top non-repeatable levels by time:
     D:1: 372 daAuts

Table legend:
 A = Non-vault XP
 B = Vault XP
 C = Vault XP percentage of total XP
 D = Non-vault monster count
 E = Vault monster count
 F = Vault count percentage of total count
                 A         B        C        D         E       F
            +---------+---------+-------+---------+---------+-------
      Total |       4 |       0 |   0.0 |       2 |       0 |   0.0
            +---------+---------+-------+---------+---------+-------
        D:1 |       4 |       0 |   0.0 |       2 |       0 |   0.0
            +---------+---------+-------+---------+---------+-------
